Map: Dusty Gorge

Players

StuArt - Winner!

  • Race: Zerg Zerg
  • Spawn Location: 11:00

PureLegacy - Winner!

  • Race: Terran Terran
  • Spawn Location: 9:00

RejiVatioN

  • Race: Terran Terran
  • Spawn Location: 3:00

Brainiac

  • Race: Zerg Zerg
  • Spawn Location: 5:00

VOD

Have the link to the VOD?

Description

Time

  • Played on: Dec. 5, 2018, 7:43 p.m.
  • Length: 5:49
Show
View Real Time Build Order
Export as new Build Order

StuArt Zerg - Winner!

Build Orders: Pool First, Zergling Baneling 

Get SALT Encoding   

  12  0:01  Drone  
  13  0:08  Drone  
  14  0:18  Extractor  
  14  0:19  Drone  
  14  0:34  Spawning Pool  
  13  0:38  Drone  
  14  0:47  Overlord  
  14  0:52  Extractor  
  14  0:54  Drone  
  15  1:06  Drone x2  
  17  1:13  Drone  
  18  1:20  Metabolic Boost  
  18  1:29  Queen  
  20  1:37  Overlord  
  20  1:45  Zergling x4  
  22  2:04  Drone, Zergling x2  
  24  2:19  Drone  
  25  2:26  Hatchery  
  24  2:33  Zergling x2  
  24  2:35  Baneling Nest  
  24  2:37  Zergling x4  
  26  2:50  Drone, Zergling x2  
  26  2:51  Zergling x2  
  27  3:12  Zergling x2  
  27  3:13  Zergling x6  
  27  3:18  Lair  
  30  3:21  Extractor  
  30  3:23  Zergling x2  
  30  3:33  Baneling  
  30  3:34  Baneling  
  30  3:36  Baneling  
  30  3:41  Baneling  
  30  3:42  Baneling x2  
  30  3:45  Drone x2  
  32  4:09  Drone, Zergling x4  
  30  4:16  Drone  
  31  4:22  Drone  
  32  4:25  Drone x3  
  32  4:28  Extractor  
  32  4:30  Baneling  
  32  4:31  Baneling  
  34  4:33  Drone  
  35  4:42  Overlord  
  35  4:48  Baneling  
  35  4:54  Baneling  
  35  5:00  Queen  
  31  5:25  Drone x3  
  31  5:27  Spire  
  31  5:28  Drone x5  
  37  5:42  Hatchery  
  38  5:45  Extractor  
Show
View Real Time Build Order
Export as new Build Order

PureLegacy Terran - Winner!

Build Orders:  

Get SALT Encoding   

  12  0:00  SCV  
  13  0:13  SCV  
  14  0:20  Supply Depot  
  14  0:25  SCV  
  15  0:33  Refinery  
  15  0:41  SCV  
  16  0:48  Barracks  
  16  0:53  SCV  
  17  1:03  Barracks  
  17  1:17  Barracks  
  17  1:21  SCV  
  18  1:35  Reaper  
  19  1:42  Orbital Command  
  19  1:48  Refinery  
  19  1:51  Reaper  
  20  2:02  Supply Depot  
  20  2:05  Reaper  
  21  2:11  Reaper  
  22  2:17  SCV  
  23  2:24  Reaper  
  23  2:29  SCV  
  25  2:31  Supply Depot  
  26  2:37  Reaper  
  26  2:47  Reaper  
  26  2:48  SCV  
  28  2:56  Reaper  
  29  3:00  SCV  
  29  3:15  Reaper  
  29  3:16  SCV, Command Center  
  29  3:19  Reaper  
  32  3:34  Reaper  
  32  3:38  SCV  
  33  3:43  Barracks  
  33  3:44  Barracks  
  33  3:47  Reaper  
  34  3:59  Reaper, SCV  
  36  4:02  Supply Depot  
  36  4:09  Reaper  
  37  4:20  SCV  
  37  4:40  Barracks Tech Lab, Barracks Reactor  
  37  4:42  Orbital Command  
  37  4:43  Factory, SCV  
  38  4:47  Marine x3  
  40  4:55  SCV  
  40  5:04  Marine  
  40  5:06  Marine x3  
  43  5:07  SCV  
  43  5:09  SCV  
  44  5:21  Marine x2  
  44  5:22  Marine  
  44  5:23  SCV x2  
  44  5:24  Marine  
  44  5:28  Marine x2  
  51  5:41  Starport  
  51  5:42  Factory Reactor  
Show
View Real Time Build Order
Export as new Build Order

RejiVatioN Terran 

Build Orders:  

Get SALT Encoding   

  12  0:02  SCV  
  13  0:14  SCV  
  13  0:19  Supply Depot  
  14  0:27  SCV  
  15  0:40  SCV  
  15  0:42  Barracks  
  16  0:47  Refinery  
  16  0:52  SCV  
  17  1:09  SCV  
  18  1:21  SCV  
  19  1:29  Marine  
  20  1:33  Orbital Command  
  20  1:46  Marine  
  21  1:50  Command Center  
  21  2:03  SCV  
  21  2:04  Marine  
  21  2:06  Supply Depot  
  22  2:21  Barracks  
  22  2:22  Marine  
  23  2:33  SCV  
  24  2:37  Barracks  
  24  2:40  Marine  
  25  2:57  SCV  
  25  2:58  Marine  
  27  2:59  Supply Depot  
  27  3:08  Marine  
  27  3:15  Marine  
  27  3:17  Orbital Command  
  28  3:24  Marine  
  28  3:26  Marine  
  29  3:33  Marine  
  30  3:41  Bunker  
  30  3:44  Marine, Barracks Tech Lab  
  31  3:51  Marine  
  28  4:02  Marine, SCV  
  30  4:03  Marine  
  30  4:09  Marine  
  32  4:16  Supply Depot  
  32  4:20  Marine  
  32  4:22  Supply Depot  
  32  4:24  Marauder  
  35  4:26  SCV  
  35  4:27  Marine  
  35  4:28  Supply Depot  
  35  4:38  Marine  
  30  4:41  SCV  
  30  4:42  SCV  
  30  4:45  Marine, Marauder  
  35  4:56  Marine  
  35  4:57  Supply Depot  
  33  5:02  Marine  
  33  5:06  Marine  
  30  5:18  Marine  
  30  5:19  SCV  
  30  5:20  Marine, SCV  
  28  5:24  Marauder  
  25  5:31  SCV  
Show
View Real Time Build Order
Export as new Build Order

Brainiac Zerg 

Build Orders: Pool First 

Get SALT Encoding   

  12  0:01  Drone  
  13  0:12  Overlord  
  13  0:18  Drone  
  14  0:31  Drone x2  
  14  0:35  Drone  
  17  0:46  Spawning Pool  
  17  0:48  Extractor  
  15  0:51  Drone  
  15  0:56  Drone  
  17  1:09  Drone  
  18  1:20  Overlord  
  18  1:33  Queen  
  20  1:40  Hatchery  
  20  1:43  Zergling x2  
  20  1:54  Metabolic Boost  
  20  1:58  Drone  
  20  1:59  Drone  
  22  2:05  Zergling x2  
  23  2:12  Spine Crawler  
  22  2:18  Zergling x2  
  23  2:23  Zergling x2  
  24  2:41  Drone  
  25  2:51  Zergling x2  
  25  2:52  Baneling Nest, Zergling x4  
  27  2:58  Zergling x2  
  26  3:08  Zergling x4  
  25  3:36  Zergling x12  
  25  3:39  Baneling x3  
  25  3:40  Baneling  
  31  3:44  Queen  
  33  3:50  Overlord  
  33  4:03  Baneling x2  
  14  4:19  Drone x5  
  7  5:22  Drone  
  7  5:23  Drone x4  
Tags
 
Add a new tag
Caveats
  • Supply blocks, unpowered buildings, or Contaminate may cause inaccurate times.
  • Supply counts are checked every 10 seconds.